AoeStats
← danjo

Migration

504996831Analyzed
1v1 RM · 26d ago on Sep 7, 2026· 37m 52s· 2 players
Game mode
Random Map
Map size
132×132
Population
200
Speed
Normal
Resources
Standard
Victory
Conquest
Starting age
Dark Age
Ending age
Imperial Age
RankedLock teamsTeams togetherTeam positionsShared explorationLock speedFull tech treeHidden civsTurbo modeCheats
Victory
Defeat
🇩🇪 Dravidians · Germany
1049
+17
🇨🇿 Koreans · Czechia
1074
-17
danjo
11:27 Feudal Age
17:07 Castle Age
16:12 Gold Mining
16:34 Double-Bit Axe
18:08 Medium Warships
24:15 Stone Mining
31:20 Imperial Age
29:45 Loom
31:10 Fishing Lines
33:10 Chemistry
33:43 Bow Saw
36:09 Elite Cannon Galleon
H4us3
11:17 Feudal Age
12:05 Loom
12:12 Fishing Lines
12:23 Double-Bit Axe
17:11 Castle Age
15:45 Fletching
15:56 Horse Collar
18:21 Wheelbarrow
19:26 Gold Mining
21:17 Murder Holes
22:27 Ballistics
22:58 Masonry
22:37 Town Watch
24:25 Bodkin Arrow
25:07 Stone Mining
25:02 Treadmill Crane
27:49 Heavy Plow
28:54 Bow Saw
32:51 Arson
38:22 Imperial Age
36:21 Eupseong
Connection lost

Rejoining the realm…

Still unreachable

The connection could not be restored.

Session expired

The server has moved on; the page needs a fresh start.